 Dungeon Sprint DCSS version 0.22.1-2-g9c5b331 (webtiles) character file.

95 diana the Sneak (level 4, 0/36 HPs)
             Began as a Kobold Enchanter on Dec 22, 2018.
             Slain by a water elemental (18 damage)
             ... in the Dungeon (Sprint III: "The Ten Rune Challenge").
             The game lasted 00:00:58 (166 turns).

diana the Sneak (Kobold Enchanter)                   Turns: 166, Time: 00:00:59

Health: 0/36       AC:  2    Str: 13    XL:     4   Next: 95%
Magic:  10/10      EV: 15    Int: 18    God:
Gold:   49         SH:  0    Dex: 15    Spells: 11/12 levels left

rFire    . . .     SeeInvis .   a - +1 dagger
rCold    . . .     Gourm    .   (shield restricted)
rNeg     . . .     Faith    .   b - +0 robe
rPois    .         Spirit   .   (helmet restricted)
rElec    .         Reflect  .   (no cloak)
rCorr    .         Harm     .   (no gloves)
MR       .....     NoTele   +   (no boots)
Stlth    ..........             (no amulet)
HPRegen  0.12/turn              (no ring)
MPRegen  0.12/turn              (no ring)

@: berserking, engulfed (cannot breathe), very quick
A: small, beak, carnivore, clever 1, strong 1, evolution 1
a: no special abilities


You were in the Dungeon.
You were very full.

You visited 1 branch You collected 49 gold pieces.

Inventory:

Hand Weapons
 a - a +1 dagger (weapon)
Armour
 b - a +0 robe (worn)
Scrolls
 j - a scroll of blinking
 k - a scroll of holy word {unknown}
 l - 3 scrolls of identify {unknown}
 m - a scroll of magic mapping {unknown}
 o - a scroll of immolation {unknown}
Potions
 c - 2 potions of mutation
 e - a potion of curing
 f - 2 potions of heal wounds
 g - a potion of haste
 h - 2 potions of magic
 n - 3 potions of flight
Comestibles
 d - 3 rations


   Skills:
 + Level 5.7 Short Blades
 - Level 2.4 Dodging
 + Level 7.4 Stealth
 + Level 4.8 Spellcasting
 + Level 5.2 Hexes


You had 11 spell levels left.
You knew the following spells:

 Your Spells              Type           Power        Failure   Level  Hunger
a - Corona                Hex            ###....      1%          1    None

Your spell library contained the following spells:

 Spells                   Type           Power        Failure   Level  Hunger
 Confuse                  Hex            ###.....     4%          3    ###....
 Tukima's Dance           Hex            ###.....     4%          3    ###....
 Ensorcelled Hibernation  Hex/Ice        ##....       7%          2    #......
 Dazzling Spray           Conj/Hex       ##....       14%         3    ###....


Dungeon Overview and Level Annotations

Branches:
Dungeon (1/1)

Altars:


Innate Abilities, Weirdness & Mutations

You are small and have problems with some larger weapons.
You are carnivorous and can eat meat at any time.
You have a beak for a mouth.
Your mind is acute. (Int +2)
Your muscles are strong. (Str +2)
You evolve.


Message History

You eat one of the 4 chunks of flesh.
This raw flesh tastes great.
Eat one of 3 chunks of flesh? (ye/n/q)
You eat one of the 3 chunks of flesh.
This raw flesh tastes great.
Eat one of 2 chunks of flesh? (ye/n/q)
You eat one of the 2 chunks of flesh.
This raw flesh tastes great.
Eat a chunk of flesh? (ye/n/q)
You eat the chunk of flesh.
This raw flesh tastes great.
Okay, then.
As you open the door, it creaks loudly!
A water elemental comes into view.
The water elemental barely misses you.
There is an open door to the Ecumenical Temple here.
A red film seems to cover your vision as you go berserk!
You feel yourself moving faster!
You feel mighty! The water elemental hits you!
The water elemental engulfs you in water!
You barely miss the water elemental.
Your lungs strain for air!
The water elemental hits you!!
Ouch! That really hurt!
You die...

▓▓▓▓▓▓▓ ▓▓▓ ..#...####
##.# ..#......#####..#
.##.......#..#..#
#.##.##..†#..#..###+#+##
#.##.###..##'#..#.......
.####.##..###...@.⌠.....
###..##..####...#E..####
.....##..###....#.⌠.#
##..##)..##.....#...#
#..##....#......#+###
..###..##.#.....# ..#
#..#####....# ▓▓▓ ▓▓▓▓
▓▓▓▓▓▓


You could see a water elemental.

Vanquished Creatures
  A scorpion (D)
  Jessica (D)
  A human (D)
  3 rats (D)
6 creatures vanquished.

Vanquished Creatures (others)
  A draconian scorcher (D)
  5 hellions (D)
  A yaktaur (D)
  A plant (D)
8 creatures vanquished.

Grand Total: 14 creatures vanquished

Notes
Turn   | Place    | Note
-------+----------+-------------------------------------------
     0 | D        | diana the Kobold Enchanter began the quest for the Orb.
     0 | D        | Reached XP level 1. HP: 10/10 MP: 3/3
    37 | D        | Noticed Jessica
    42 | D        | Killed Jessica
    42 | D        | Reached skill level 5 in Stealth
    42 | D        | Reached XP level 2. HP: 10/15 MP: 3/6
    42 | D        | Reached XP level 3. HP: 13/19 MP: 4/8
    47 | D        | Killed a yaktaur
    76 | D        | Killed a hellion
   102 | D        | Killed a hellion
   110 | D        | Killed a hellion
   114 | D        | Killed a hellion
   116 | D        | Killed a hellion
   131 | D        | Noticed a scorpion
   134 | D        | Killed a scorpion
   134 | D        | Reached skill level 5 in Short Blades
   134 | D        | Reached skill level 7 in Stealth
   134 | D        | Reached skill level 5 in Hexes
   134 | D        | Reached XP level 4. HP: 24/24 MP: 8/10
   141 | D        | Killed a white draconian scorcher
   150 | D        | Gained mutation: You have a beak for a mouth. [potion of
                  | mutation]
   150 | D        | Gained mutation: Your muscles are strong. (Str +2) [potion
                  | of mutation]
   150 | D        | Gained mutation: You evolve. [potion of mutation]
   150 | D        | Gained mutation: Your mind is acute. (Int +2) [potion of
                  | mutation]
   164 | D        | Noticed a water elemental
   166 | D        | Slain by a water elemental

Skill      XL: |  1  2  3 |
---------------+----------+-----
Short Blades   | 4 5 |  5.7
Stealth        | 5 7 |  7.4
Spellcasting   | 3 4 |  4.8
Hexes          | 4 5 |  5.2
Dodging        | |  2.4

Action                   |  1- 3 |  4- 6 || total
-------------------------+-------+-------++-------
Melee: Dagger            |     7 |     2 ||     9
  Use: Potion            |       |     2 ||     2
 Stab: Sleeping          |     4 |     1 ||     5
  Eat: Chunk             |       |     4 ||     4
Dodge: Dodged            |     2 |     1 ||     3
